 Dungeon Crawl Stone Soup version 0.30-a0-457-g4b7bca3bfa (webtiles) character file.

Game seed: 13055655617337542864

72 Jackthecabe the Conjurer (level 3, 0/26 HPs)
             Began as a Demigod Conjurer on Dec 12, 2022.
             Slain by an adder (2 damage)
             ... on level 1 of the Dungeon.
             The game lasted 00:03:14 (1139 turns).

Jackthecabe the Conjurer (Demigod Conjurer)         Turns: 1139, Time: 00:03:14

Health: 0/26       AC:  2    Str:  8    XL:     3   Next: 82%
Magic:  4/8        EV: 12    Int: 24    God:
Gold:   17         SH:  0    Dex: 12    Spells: 3/6 levels left

rFire   . . .      SeeInvis .    (no weapon)
rCold   . . .      Faith    .    (no shield)
rNeg    . . .      Spirit   .    a - +0 robe
rPois   .          Reflect  .    (no helmet)
rElec   .          Harm     .    (no cloak)
rCorr   .          Rampage  .    (no gloves)
Will    .....                    (no boots)
Stlth   ++........               (no amulet)
HPRegen 0.24/turn                (no ring)
MPRegen 0.11/turn                (no ring)

@: lethally poisoned (0 -> -4), attractive, slowed, very slow
A: high MP 1, forlorn, divine attributes
a: no special abilities


You were on level 1 of the Dungeon.
You visited 1 branch of the dungeon, and saw 2 of its levels.

You collected 17 gold pieces.


Innate Abilities, Weirdness & Mutations

You have an increased reservoir of magic. (+10% MP)
You shall have no god before yourself.
Your divine heritage dramatically boosts your attributes as you level up.


   Skills:
 - Level 1.7 Dodging
 - Level 1.7 Stealth
 - Level 2.0 Spellcasting
 + Level 5.0 Conjurations


You had 3 spell levels left.
You knew the following spells:

 Your Spells              Type           Power      Damage    Failure   Level
m - Magic Dart            Conj           100%       1d8       1%          1
s - Searing Ray           Conj           52%        2d6       2%          2

Your spell library contained the following spells:

 Spells                   Type           Power      Damage    Failure   Level
 Dazzling Flash           Conj/Hex       28%        N/A       13%         3
 Fulminant Prism          Conj/Hex       7%         3d7       38%         4
 Iskenderun's Mystic Bla  Conj/Tloc      14%        2d5       38%         4

Inventory:

Hand Weapons
 e - a +0 vampiric whip
   (You took it off a gnoll on level 1 of the Dungeon)
Missiles
 c - 10 stones
Armour
 a - a +0 robe (worn)
Jewellery
 A - an amulet of the acrobat
   (You took it off a kobold on level 1 of the Dungeon)
Scrolls
 d - 3 scrolls of identify {unknown}
 g - a scroll of teleportation {unknown}
Potions
 b - a potion of magic

Dungeon Overview and Level Annotations

Branches:
Dungeon (2/15) Zot: 10856

..##...##########......#####.....
#####....#######.................
.# #..................###>......
.# #.#.#######.##..........##.##
.# #.#.# ###......#.####....# )##
#.#.#####....>.....######..# ..#
#...##....###).........##..##
#.###..###.#####S)..#..###.##....
#.##..........##@#..............#
#.##..........##.................
#.##..............#............#.
#.##..........###.#..............
#.##..........# #.......>.......#
#####........####..............##
#.............#.#.####.#...#.
##........######.#)####.#...#.
##.........# #................


You could see an adder.


Message History

😎 MP[-1]
You lost 1 mp, and now have 6/8 mp.
The magic dart hits the rat but does no damage. 😎 MP[-1]
You lost 1 mp, and now have 5/8 mp.
The magic dart hits the rat.
You kill the rat! 😎 MP[-1]
You lost 1 mp, and now have 4/8 mp.
You can't see any susceptible monsters within range! (Use Z to cast anyway.)
You can't see any susceptible monsters within range! (Use Z to cast anyway.) 😎 MP[+4]
Your mp is fully restored (8).
The magic dart hits the hobgoblin.
The hobgoblin shouts! 😎 MP[-1]
You lost 1 mp, and now have 7/8 mp.
The magic dart hits the hobgoblin.
You kill the hobgoblin! 😎 MP[-1]
You lost 1 mp, and now have 6/8 mp.
You can't see any susceptible monsters within range! (Use Z to cast anyway.)
You can't see any susceptible monsters within range! (Use Z to cast anyway.)
A kobold comes into view. It is wielding a +0 club.
Found a stone staircase leading up.
Jessica shouts!
The kobold shouts!
The magic dart hits the kobold.
You kill the kobold! 😎 MP[-1]
You lost 1 mp, and now have 5/8 mp.
A kobold comes into view.
It is wielding a +0 short sword. 😎 MP[+1]
The goblin shouts!
An adder comes into view.
The magic dart hits Jessica but does no damage.
The adder hisses angrily. 😎 MP[-1]
You lost 1 mp, and now have 5/8 mp.
The magic dart hits Jessica.
The goblin hits you with a +2 dagger of holy wrath. 😕 HP[-3]
You take 3 damage, and now have 23/26 hp.
Jessica attacks as you move away!
Jessica hits you with a +4 dagger of electrocution!
The goblin barely misses you.
There is a stone staircase leading up here. 😮 HP[-7]
You take 7 damage, and now have 16/26 hp.
MASSIVE DAMAGE!! (PAUSE)
The adder barely misses you. The adder bites you. The goblin misses you.
Jessica points at you and mumbles some strange words.
You feel yourself slow down.
You climb upwards.
There is a stone staircase leading down here. 😮 HP[-1]
You take 1 damage, and now have 15/26 hp.
Unknown command.
Okay, then.
The goblin hits you with a +2 dagger of holy wrath. 😮 HP[-1]
You take 1 damage, and now have 14/26 hp.
The goblin attacks as you move away! The goblin misses you.
The adder attacks as you move away! The adder bites you.
* * * LOW HITPOINT WARNING * * *
The adder bites you.
* * * LOW HITPOINT WARNING * * *
The goblin hits you with a +2 dagger of holy wrath.
* * * LOW HITPOINT WARNING * * *
😨 HP[-7]
You take 7 damage, and now have 7/26 hp.
MASSIVE DAMAGE!! (PAUSE)
The adder barely misses you.
The goblin hits you with a +2 dagger of holy wrath.
* * * LOW HITPOINT WARNING * * *
😱 HP[-1] MP[+1]
You take 1 damage, and now have 6/26 hp.
Casting: Magic Dart (safe; 1% risk of failure)
Confirm with . or Enter, or press ? or * to list all spells.
Aiming: Searing Ray (safe; 2% risk of failure)
Press: ? - help, Shift-Dir - straight line, f - Jessica
Aim: Jessica, wielding a +4 dagger of electrocution and wearing a +0 robe (moderately wounded, 79% to hit)
The searing ray hits the goblin.
You kill the goblin!
The searing ray hits Jessica.
You kill Jessica! (Press . to maintain the ray.)
The adder bites you.
* * * LOW HITPOINT WARNING * * *
You are lethally poisoned!
The adder poisons you! The adder barely misses you.
Your Conjurations skill increases to level 5! 😱 HP[-3] MP[-2]
You take 3 damage, and now have 3/26 hp.
You lost 2 mp, and now have 4/8 mp.
Unknown command.
It was a potion of attraction.
You feel attractive to monsters.
* * * LOW HITPOINT WARNING * * *
You feel sick. The adder bites you.
You die...

Skill      XL: |  1  2  3 |
---------------+----------+-----
Spellcasting   | 2 |  2.0
Conjurations   | 4 5 |  5.0
Dodging        | |  1.7
Stealth        | |  1.7

Action                   || total
-------------------------++-------
 Cast: Magic Dart        ||    66
       Searing Ray       ||     1
  Use: Potion            ||     1
Dodge: Dodged            ||    10

Levels and vault maps discovered:
D:1:      doesnt_arrival_eight_statues, layout_rooms
D:2:      layout_rooms, hellmonk_ecumenical_altar_inner_sanctum,
          interstate_on_off, eino_tiny_chamber, uniq_jessica

Notes
Turn   | Place    | Note
-------+----------+-------------------------------------------
     0 | D:1      | Jackthecabe the Demigod Conjurer began the quest for the
                  | Orb.
     0 | D:1      | Reached XP level 1. HP: 14/14 MP: 5/5
     0 | D:1      | magus.rc [v1.11.4]
   160 | D:1      | Reached skill level 2 in Spellcasting
   233 | D:1      | Reached skill level 4 in Conjurations
   300 | D:1      | Reached XP level 2. HP: 20/20 MP: 4/7
   665 | D:1      | Reached XP level 3. HP: 26/26 MP: 6/8
  1059 | D:2      | Noticed Jessica
  1064 | D:2      | Learned a level 2 spell: Searing Ray
  1137 | D:1      | HP: 6/26 [goblin/+2 dagger of holy wrath (2)]
  1138 | D:1      | Killed Jessica
  1139 | D:1      | Reached skill level 5 in Conjurations
  1139 | D:1      | HP: 2/26 [poisoned by an adder]
  1139 | D:1      | Slain by an adder

Vanquished Creatures
  Jessica (D:1)
  A gnoll (D:1)
  2 dart slugs (D:1)
  3 endoplasms (D:1)
  A giant cockroach (D:1)
  3 goblins (D:1)
  4 hobgoblins
  4 jackals (D:1)
  A quokka (D:1)
  2 ball pythons
  3 bats (D:1)
  2 kobolds
  3 rats
30 creatures vanquished.

Table legend:
 A = Non-vault XP
 B = Vault XP
 C = Vault XP percentage of total XP
 D = Non-vault monster count
 E = Vault monster count
 F = Vault count percentage of total count
                 A         B        C        D         E       F
            +---------+---------+-------+---------+---------+-------
      Total |      67 |      37 |  35.6 |      29 |       1 |   3.3
            +---------+---------+-------+---------+---------+-------
        D:1 |      61 |      37 |  37.8 |      25 |       1 |   3.8
        D:2 |       6 |       0 |   0.0 |       4 |       0 |   0.0
            +---------+---------+-------+---------+---------+-------

Illustrated notes

Table legend:
 A = Kills in this place as a percentage of kills in entire the game.
 B = Kills by you in this place as a percentage of kills by you in the entire game.
 C = Kills by friends in this place as a percentage of kills by friends in the entire game.
 D = Other kills in this place as a percentage of other kills in the entire game.
 E = Experience gained in this place as a percentage of experience gained in the entire game.
 F = Experience gained in this place divided by the number of levels of this place that you have seen.
                   A       B       C       D       E      F
               +-------+-------+-------+-------+-------+----------------------
         Total | 100.0 | 100.0 |   N/A |   N/A | 100.0 |  52.0
       Dungeon | 100.0 | 100.0 |   N/A |   N/A | 100.0 |  52.0
               +-------+-------+-------+-------+-------+----------------------

Table legend: (Time is in decaauts)
 A = Elapsed time spent in this place.
 B = Non-inter-level travel time spent in this place.
 C = Inter-level travel time spent in this place.
 D = Time resting spent in this place.
 E = Time spent auto-exploring this place.
 F = Levels seen in this place.
 G = Mean time per level.
                   A        B        C        D        E       F      G
               +--------+--------+--------+--------+--------+-----+--------+
         Total |   1142 |   1121 |     21 |     31 |    910 |   2 |  571.0 |
       Dungeon |   1142 |   1121 |     21 |     31 |    910 |   2 |  571.0 |
               +--------+--------+--------+--------+--------+-----+--------+

Top non-repeatable levels by time:
     D:1: 1065 daAuts
     D:2: 76 daAuts
